 Dungeon Crawl Stone Soup version 0.31-a0-1591-g515db51633 (webtiles) character file.

Game seed: 9382790966168356546

7578 CougarLife the Cleaver (level 10, -5/85 (91) HPs)
             Began as a Minotaur Fighter on Jan 7, 2024.
             Was a Priest of Okawaru.
             Killed by divine providence
             ... invoked by an orc priest
              (9 damage)
             ... on level 9 of the Dungeon.
             The game lasted 00:16:54 (7459 turns).

CougarLife the Cleaver (Minotaur Fighter)           Turns: 7459, Time: 00:16:55

HP:   -5/85 (91)    AC:  9    Str: 25    XL:     10   Next: 97%
MP:   12/12         EV:  9    Int:  5    God:    Okawaru [***...]
Gold: 627           SH:  6    Dex: 14    Spells: 9/9 levels left

rFire   . . .        u - +5 war axe of Zesentar {speed, rPois Dex+4}
rCold   . . .        c - +0 buckler
rNeg    . . .        b - +0 scale mail
rPois   +            (helmet restricted)
rElec   .            C - +0 cloak
rCorr   .            (no gloves)
SInv    .            (no boots)
Will    .....        (no amulet) Stlth
                     (no ring)
HPRegen 0.34/turn    (no ring)
MPRegen 0.13/turn

%: no passive effects
@: mighty, silenced (expiring), drained
A: horns 2, retaliatory headbutt
a: Renounce Religion


You were on level 9 of the Dungeon.
You worshipped Okawaru.
Okawaru was most pleased with you.
You visited 2 branches of the dungeon, and saw 10 of its levels.

You collected 627 gold pieces.

Inventory:

Hand Weapons
 u - the +5 war axe of Zesentar (weapon) {speed, rPois Dex+4}
   (You took it off an orc on level 4 of the Dungeon)

   Dex+4:     It affects your dexterity (+4).
   rPois:     It protects you from poison
Missiles
 a - 21 poisoned darts
 e - 8 boomerangs
 t - 2 throwing nets (quivered)
 y - a curare-tipped dart
Armour
 b - a +0 scale mail (worn)
 c - a +0 buckler (worn)
 C - a +0 cloak (worn)
Wands
 h - a wand of mindburst (15)
 m - a wand of acid (4)
 A - a wand of flame (26)
 D - a wand of digging (5)
 F - a wand of roots (2)
 G - a wand of paralysis (6)
Scrolls
 g - 2 scrolls of noise
 j - 3 scrolls of teleportation
 o - a scroll of fear
 p - 3 scrolls of silence
 q - 2 scrolls of poison
 v - 3 scrolls of immolation
 w - 2 scrolls of torment
 x - 4 scrolls of fog
 z - a scroll of revelation {unknown}
 E - a scroll of butterflies {unknown}
Potions
 d - a potion of might
 f - 4 potions of curing
 i - 2 potions of haste {unknown}
 k - a potion of attraction {unknown}
 l - 3 potions of brilliance {unknown}
 n - 2 potions of heal wounds {unknown}
 r - 3 potions of enlightenment {unknown}
 s - 2 potions of lignification {unknown}


   Skills:
 - Level 9.2 Fighting
 + Level 11.7 Axes
 - Level 7.0 Throwing
 - Level 8.0 Armour
 - Level 8.0 Shields
 * Level 4.7 Invocations


You had 9 spell levels left.
You didn't know any spells.
Your spell library contained the following spells:

 Spells                   Type           Power      Damage    Failure   Level
 Necrotise                Necr           0%         1d4       78%         1
 Inner Flame              Hex/Fire       0%         N/A       98%         3
 Vampiric Draining        Necr           0%         2d6       98%         3
 Volatile Blastmotes      Fire/Tloc      0%         2d10      98%         3
 Fulminant Prism          Conj/Alch      0%         3d5       100%        4
 Iskenderun's Mystic Bla  Conj/Tloc      0%         2d3       100%        4
 Curse of Agony           Necr           0%         N/A       100%        5
 Irradiate                Conj/Alch      0%         3d11      100%        5
 Ignition                 Fire           0%         3d3       100%        8
 Martyr's Knell           Necr/Summ      Unusable   N/A       N/A         4

Dungeon Overview and Level Annotations

Branches:
Dungeon (9/15)             Temple (1/1) D:7            Lair (0/5) D:8
    Orc: D:9-12

Altars:
Ashenzari
Cheibriados
Dithmenos
Elyvilon
Fedhas
Gozag
Kikubaaqudgha
Makhleb
Nemelex Xobeh
Okawaru
Qazlal
Ru
Sif Muna
Trog
Vehumet
Xom
Yredelemnul
Zin
The Shining One
Lugonu

Annotations:
D:9 Harold


Innate Abilities, Weirdness & Mutations

You have a pair of horns on your head.
You reflexively headbutt those who attack you in melee.


Message History

Something wriggles in the net.
All of a sudden the net rips apart!
The howler monkey hoots and howls with incredible vigour!
Something hits you but does no damage.
Harold throws a throwing net.
Something gets caught in the net!
You slice something!! Okawaru accepts your kill.
Reactivating autopickup.
You feel a bit more experienced.
You completely miss the howler monkey. You headbutt the howler monkey!!
You kill the howler monkey!
Okawaru accepts your kill.
Harold throws a throwing net.
The throwing net closely misses you.
You slice the wyvern!! You headbutt the wyvern!
You kill the wyvern!
Okawaru accepts your kill. Harold fires a harpoon shot at you.
The harpoon shot hits you!!
* * * LOW HITPOINT WARNING * * *
You are yanked forward by the harpoon shot.
You hit Harold.
Harold is lightly wounded.
You slash the howler monkey!
The howler monkey hoots and howls with incredible vigour!
Harold attacks as he pursues you! Harold hits you with a +0 mace!
* * * LOW HITPOINT WARNING * * *
You slash Harold!
Harold is lightly wounded.
You block Harold's attack.
You hit Harold. You headbutt Harold!
Harold is heavily wounded.
Harold hits you but does no damage.
Throw: 3 throwing nets
Press: ? - help, Q - select action, (/) - cycle Shift-Dir - straight line, f - Harold
Aim: Harold, wielding a +0 mace and wearing a +0 scale mail (heavily wounded, 74% to hit)
You throw a throwing net. The throwing net hits Harold.
Harold is caught in the net!
Harold is heavily wounded.
The orc priest mumbles some strange prayers to Beogh against you.
Beogh smites you!
You die...

....$..........
>....h...#.....
...........#
#.......###
######..zo#
#z##o##
#.z##oh#
...####@# ..##
#@### ### #(..#
###.## #..##
##..### ##...#
##..# ######
##.## #....#
##..#


You could see Harold (caught), a howler monkey, a wight, an orc priest and 2
orcs.

Vanquished Creatures
  2 two-headed ogres
  Grinder (D:4)
  Sigmund (D:4)
  A vampire (D:8)
  5 yaks (D:8)
  A steam dragon (D:8)
  2 wyverns
  7 ice beasts
  4 water moccasins
  Duvessa (D:4)
  2 black bears
  6 ogres
  2 kobold brigands (D:7)
  7 bullfrogs
  Blork the orc (D:4)
  4 scorpions
  5 wights
  Dowan (D:4)
  6 killer bees (D:7)
  5 howler monkeys
  3 hounds
  2 jellies
  3 bombardier beetles
  Crazy Yiuf (D:6)
  4 orc priests
  2 gnoll boudas
  2 sleepcaps
  5 iguanas
  14 orc wizards
  12 gnolls
  8 adders
  2 white imps
  6 ufetubi
  A dart slug (D:4)
  32 orcs
  7 ball pythons
  7 bats
  2 bat zombies (D:3)
  4 endoplasms
  A giant cockroach (D:3)
  9 goblins
  5 hobgoblins
  10 jackals
  7 quokkas
  6 frilled lizards
  A frilled lizard zombie (D:3)
  18 kobolds
  4 rats
242 creatures vanquished.

Notes
Turn   | Place    | Note
-------+----------+-------------------------------------------
     0 | D:1      | CougarLife the Minotaur Fighter began the quest for the
                  | Orb.
     0 | D:1      | Reached XP level 1. HP: 19/19 MP: 0/0
   104 | D:1      | Reached XP level 2. HP: 25/26 MP: 1/1
   210 | D:1      | Reached skill level 3 in Axes
   264 | D:1      | Reached XP level 3. HP: 32/33 MP: 2/2
   462 | D:1      | Found a faded altar of an unknown god.
   829 | D:2      | Reached skill level 4 in Axes
   829 | D:2      | Reached XP level 4. HP: 37/40 MP: 3/3
  1417 | D:3      | Reached skill level 5 in Axes
  1417 | D:3      | Reached XP level 5. HP: 31/47 MP: 4/4
  1809 | D:3      | Found an ancient bone altar of Kikubaaqudgha.
  2250 | D:4      | Noticed Blork the orc
  2256 | D:4      | Killed Blork the orc
  2257 | D:4      | Reached skill level 5 in Fighting
  2392 | D:4      | Reached skill level 6 in Axes
  2392 | D:4      | Reached XP level 6. HP: 45/56 MP: 5/5
  2441 | D:4      | Noticed Grinder
  2447 | D:4      | Paralysed by Grinder for 3 turns
  2455 | D:4      | Killed Grinder
  2456 | D:4      | Reached skill level 7 in Axes
  2512 | D:4      | Reached XP level 7. HP: 51/63 MP: 6/6
  2562 | D:4      | Noticed Dowan
  2563 | D:4      | Noticed Duvessa
  2575 | D:4      | Killed Duvessa
  2581 | D:4      | Killed Dowan
  2673 | D:4      | Identified the +5 war axe of Zesentar {speed, rPois Dex+4}
  2698 | D:4      | Found a blossoming altar of Fedhas.
  2716 | D:4      | Reached skill level 8 in Axes
  2775 | D:4      | Noticed Sigmund
  2785 | D:4      | Killed Sigmund
  3074 | D:4      | Found a bloodstained altar of Trog.
  3094 | D:5      | Entered Level 5 of the Dungeon
  3124 | D:5      | Reached skill level 9 in Axes
  3158 | D:5      | Reached XP level 8. HP: 73/73 MP: 7/7
  4018 | D:6      | Reached skill level 5 in Armour
  4018 | D:6      | Reached skill level 5 in Shields
  4229 | D:5      | Reached XP level 9. HP: 75/83 MP: 8/8
  4417 | D:6      | Found a sparkling altar of Nemelex Xobeh.
  4477 | D:6      | Identified the +7 falchion "Etzeetuc" {freeze, Str+2 Int+4}
  4533 | D:6      | Found a sacrificial altar of Ru.
  4598 | D:6      | Found a stormy altar of Qazlal.
  4780 | D:6      | Found a runed translucent door.
  4781 | D:6      | Noticed Crazy Yiuf
  4788 | D:6      | Killed Crazy Yiuf
  4833 | D:7      | Noticed a two-headed ogre
  4840 | D:7      | Killed a two-headed ogre
  4903 | D:7      | Reached skill level 1 in Throwing
  5255 | D:7      | Reached skill level 10 in Axes
  5257 | D:7      | Reached XP level 10. HP: 91/91 MP: 9/9
  5416 | D:7      | Found a glowing silver altar of Zin.
  5532 | D:7      | Found a basalt altar of Yredelemnul.
  5548 | D:7      | Found a snail-covered altar of Cheibriados.
  5587 | D:7      | Found a staircase to the Ecumenical Temple.
  5611 | Temple   | Entered the Ecumenical Temple
  5633 | Temple   | Became a worshipper of Warmaster Okawaru
  5772 | D:8      | Reached skill level 5 in Throwing
  5827 | D:8      | Found a shimmering blue altar of Sif Muna.
  6259 | D:8      | Noticed a two-headed ogre
  6278 | D:8      | Killed a two-headed ogre
  6278 | D:8      | Reached * piety under Okawaru
  6315 | D:8      | Found a staircase to the Lair.
  6393 | D:8      | Reached ** piety under Okawaru
  6394 | D:8      | Reached skill level 11 in Axes
  6423 | D:8      | Reached skill level 1 in Invocations
  7328 | D:9      | Reached *** piety under Okawaru
  7424 | D:9      | Noticed Harold
  7456 | D:9      | HP: 3/85 [Harold/+0 mace (16)]
  7459 | D:9      | Killed from afar by an orc priest

Illustrated notes

Levels and vault maps discovered:
D:1:      ldierk_walled_garden_2, layout_basic,
          hellmonk_ecumenical_altar_leap_of_faith
D:2:      layout_basic, nicolae_half_adder
D:3:      layout_basic, lemuel_zombie_altar_kikubaaqudgha,
          minmay_close_crescents
D:4:      layout_rooms, kennysheep_mini_moat, mainiacjoe_overflow_alcove_4,
          uniq_grinder, uniq_blork_the_orc, uniq_sigmund, uniq_duvessa
D:5:      layout_loops_ring
D:6:      layout_rooms, lemuel_crystal_altar, nemelex_diamond_rough_becter,
          nicolae_qazlal_eye_of_the_storm, amcnicky_mini_corridor_feature,
          hangedman_abyss_or_decor_passed, uniq_crazy_yiuf_cottage
D:7:      layout_cave_pools, amcnicky_altar_gilded, mainiacjoe_overflow_swirl,
          temple_doors_e, grunt_ministairs_6
D:8:      layout_layer_cave, mainiacjoe_overflow_six_doors_small,
          due_lair_maze_entry_diamond, grunt_ministairs_6,
          nicolae_zig_zag_zippers
D:9:      gammafunk_cloud_chamber, layout_rooms, uniq_harold
Temple:   kb_corrupted_temple

Skill      XL: |  1  2  3  4  5  6  7  8  9 10 |
---------------+-------------------------------+-----
Armour         | 4 6 8 |  8.0
Shields        | 4 6 8 |  8.0
Axes           | 3 4 5 6 7 9 10 11 | 11.7
Fighting       | 4 5 6 7 9 |  9.2
Throwing       | 4 7 |  7.0
Invocations    | 4 |  4.7

Action                     |  1- 3 |  4- 6 |  7- 9 | 10-12 || total
---------------------------+-------+-------+-------+-------++-------
  Melee: War axe           |    65 |   104 |   239 |   147 ||   555
         Headbutt          |     8 |    11 |    38 |    32 ||    89
  Throw: Dart              |       |       |    17 |       ||    17
         Throwing net      |       |       |     3 |     2 ||     5
         Boomerang         |       |       |    15 |     4 ||    19
    Use: Scroll            |       |       |     4 |     6 ||    10
         Potion            |       |       |       |     2 ||     2
 Armour: Scale mail        |    66 |    76 |   117 |   102 ||   361
  Dodge: Dodged            |    21 |    46 |    77 |    36 ||   180
  Block: Buckler           |    12 |    24 |    45 |    34 ||   115

Table legend: (Time is in decaauts)
 A = Elapsed time spent in this place.
 B = Non-inter-level travel time spent in this place.
 C = Inter-level travel time spent in this place.
 D = Time resting spent in this place.
 E = Time spent auto-exploring this place.
 F = Levels seen in this place.
 G = Mean time per level.
                   A        B        C        D        E       F      G
               +--------+--------+--------+--------+--------+-----+--------+
         Total |   7414 |   7129 |    285 |    926 |   4721 |  10 |  741.4 |
       Dungeon |   7372 |   7105 |    267 |    926 |   4721 |   9 |  819.1 |
        Temple |     41 |     23 |     18 |      0 |      0 |   1 |   41.0 |
               +--------+--------+--------+--------+--------+-----+--------+

Top non-repeatable levels by time:
     D:8: 1410 daAuts
     D:3: 1175 daAuts
     D:5: 1037 daAuts
     D:7: 870 daAuts
     D:4: 745 daAuts
     D:1: 671 daAuts
     D:6: 665 daAuts
     D:2: 557 daAuts
     D:9: 240 daAuts
  Temple: 41 daAuts
